 Dungeon Crawl Stone Soup version 0.31.0-32-g396128a36d (webtiles) character file.

Game seed: 1457848088788052774

78 H0rd4k the Charlatan (level 4, -6/28 HPs)
             Began as an Octopode Artificer on Mar 18, 2024.
             Mangled by a gnoll
             ... wielding a +0 flail
              (15 damage)
             ... on level 2 of the Dungeon.
             The game lasted 00:01:10 (1116 turns).

H0rd4k the Charlatan (Octopode Artificer)           Turns: 1116, Time: 00:01:11

Health: -6/28      AC:  1    Str: 11    XL:     4   Next: 36%
Magic:  4/4        EV: 13    Int: 15    God:
Gold:   67         SH:  0    Dex: 12    Spells: 3/3 levels left

rFire   . .          .
                       - Unarmed
rCold   . . .        (no shield)
rNeg    . . .        (helmet restricted)
rPois   .            (no amulet)
rElec   .            (no ring)
rCorr   .            (no ring)
SInv    .            (no ring)
Will    .....        (no ring)
Stlth   +++          (no ring)
HPRegen 0.24/turn    (no ring)
MPRegen 0.09/turn    (no ring)
                     (no ring)

%: no passive effects
@: no status effects
A: almost no armour, amphibious, 8 rings, camouflage 1, gelatinous body 1,
(nimble swimmer 1), tentacles
a: no special abilities


You were on level 2 of the Dungeon.
You visited 1 branch of the dungeon, and saw 2 of its levels.

You collected 67 gold pieces.

Inventory:

Missiles
 a - a throwing net
Jewellery
 g - a ring of fire
Wands
 b - a wand of flame (15) (quivered)
 c - a wand of charming (14)
 d - a wand of iceblast (5)
Scrolls
 e - a scroll of enchant armour {unknown}
 h - a scroll of identify {unknown}
 l - a scroll of amnesia {unknown}
Potions
 f - a potion of magic {unknown}
 i - a potion of heal wounds {unknown}
 j - a potion of curing {unknown}
 k - 2 potions of mutation {unknown}


   Skills:
 + Level 1.4 Fighting
 + Level 3.0 Dodging
 + Level 2.3 Stealth
 + Level 1.8 Unarmed Combat
 + Level 4.0 Evocations


You had 3 spell levels left.
You didn't know any spells.
Your spell library contained the following spells:

 Spells                   Type           Power      Damage    Failure   Level
 Magic Dart               Conj           0%         1d3       26%         1
 Sandblast                Erth           0%         2d4       26%         1
 Blink                    Tloc           0%         N/A       38%         2
 Call Imp                 Summ           0%         N/A       38%         2
 Passwall                 Erth           0%         N/A       63%         3
 Stone Arrow              Conj/Erth      0%         3d7       63%         3
 Brom's Barrelling Bould  Conj/Erth      0%         2d3       95%         4


Dungeon Overview and Level Annotations

Branches:
Dungeon (2/15)

Altars:

Shops:
D:1 =

Annotations:
D:1 exclusion: downstairs


Innate Abilities, Weirdness & Mutations

You cannot wear most types of armour.
You are amphibious.
You can wear up to eight rings at the same time.
Your skin changes colour to match your surroundings (Stealth+).
Your rubbery body absorbs attacks. (AC +1, EV +1)
((You are camouflaged when in or above water. (Stealth+)))
You have tentacles for arms and can constrict up to eight enemies at once.


Message History

You squeeze the gnoll, but do no damage.
The gnoll is moderately wounded.
You constrict the gnoll, but do no damage.
You hear a shout!
The gnoll closely misses you.
You tentacle-slap the gnoll.
The gnoll is heavily wounded.
You constrict the gnoll. The gnoll hits you with a +0 whip.
You tentacle-slap the gnoll but do no damage.
The gnoll is severely wounded.
You constrict the gnoll.
The gnoll struggles to escape constriction.
You tentacle-slap the gnoll but do no damage.
You squeeze the gnoll.
You kill the gnoll!
Found a scroll labelled ORAXTA YSOVA.
A kobold comes into view. It is wielding a +0 short sword.
There is an open door here.
The kobold shouts!
You tentacle-slap the kobold but do no damage.
Your grab misses the kobold.
The kobold hits you with a +0 short sword.
The gnoll hits you with a +0 flail!
You tentacle-slap the kobold but do no damage.
You grab the kobold. You tentacle-slap the kobold. You squeeze the kobold.
The kobold is severely wounded.
You constrict the kobold.
You kill the kobold!
The gnoll barely misses you.
Things that are here:
18 gold pieces; a +0 short sword; 6 stones The gnoll attacks as it pursues you!
The gnoll hits you from afar with a +0 spear.
The gnoll attacks as it pursues you! The gnoll barely misses you.
Aiming: Charm
Press: ? - help, Shift-Dir - straight line, f - gnoll
Aim: a gnoll, wielding a +0 flail and wearing a +2 buckler (chance to affect: 67%)
The gnoll struggles to resist.
The gnoll hits you with a +0 flail!
Ouch! That really hurt!
You die...

######## #....... .#########
########....... ..........#
#..............
..........######.#####........
....?...g.'gg@...#...#........
#........#####...............
#........# #.##.##.........
#........# #.....+.........
#####....# ####.##.......##
.#######....## ####..........#
.....†.#..#####
#............## #........#
#........)...## #.....>..#
#............>##


You could see 2 gnolls and a hobgoblin.

Vanquished Creatures
  2 adders (D:2)
  A gnoll (D:2)
  A ribbon worm (D:2)
  A dart slug (D:1)
  4 endoplasms (D:1)
  7 giant cockroaches
  A goblin (D:1)
  6 hobgoblins
  6 kobolds
  A quokka (D:2)
  4 ball pythons
  3 bats
  3 frilled lizards
  5 rats
45 creatures vanquished.

Notes
Turn   | Place    | Note
-------+----------+-------------------------------------------
     0 | D:1      | H0rd4k the Octopode Artificer began the quest for the Orb.
     0 | D:1      | Reached XP level 1. HP: 13/13 MP: 1/1
    42 | D:1      | Reached XP level 2. HP: 18/18 MP: 2/2
   264 | D:1      | Found Lanudodi's Jewellery Shop.
   505 | D:1      | Reached XP level 3. HP: 18/23 MP: 3/3
   506 | D:1      | Reached skill level 1 in Unarmed Combat
   757 | D:2      | Reached skill level 4 in Evocations
   870 | D:2      | Reached XP level 4. HP: 17/28 MP: 4/4
  1116 | D:2      | Mangled by a gnoll

Illustrated notes

Levels and vault maps discovered:
D:1:      psy_arrival_heroes, layout_rooms, serial_shops, nicolae_shop_crystal
D:2:      layout_basic, minmay_between

Skill      XL: |  1  2  3  4 |
---------------+-------------+-----
Unarmed Combat | 1 |  1.8
Evocations     | 4 |  4.0
Stealth        | 2 |  2.3
Dodging        | 3 |  3.0
Fighting       | |  1.4

Action                     |  1- 3 |  4- 6 || total
---------------------------+-------+-------++-------
  Melee: Unarmed           |    86 |    25 ||   111
         Tentacles         |    22 |    12 ||    34
         Constrict         |    25 |     8 ||    33
         Punch             |     3 |     2 ||     5
  Evoke: Wand              |       |     1 ||     1
   Stab: Sleeping          |     3 |     1 ||     4
 Armour: Skin              |    29 |    14 ||    43
  Dodge: Dodged            |    53 |    12 ||    65
